AoeStats
← TheJack.777

Arena

510445509Analyzed
1v1 RM · 2d ago on Oct 1, 2026· 45m 10s· 2 players
Game mode
Random Map
Map size
Tiny (2 player)
Population
200
Speed
Normal
Resources
Standard
Victory
Conquest
Starting age
Dark Age
Ending age
Imperial Age
RankedLock teamsTeams togetherTeam positionsShared explorationLock speedFull tech treeHidden civsTurbo modeCheats
Victory
Defeat
🇨🇱 Huns · Chile
873
+14
🇧🇷 Spanish · Brazil
835
-14
diegomes90
9:46 Feudal Age
20:09 Castle Age
19:18 Horse Collar
19:28 Double-Bit Axe
19:40 Gold Mining
19:41 Stone Mining
19:49 Stone Mining
30:45 Loom
38:10 Imperial Age
36:19 Fortified Wall
36:28 Bow Saw
41:13 Imperial Age
43:26 Chemistry
43:29 Wheelbarrow
42:39 Town Watch
44:02 Two-Man Saw
42:35 Pikeman
43:16 Squires
TheJack.777
10:40 Feudal Age
9:01 Loom
10:46 Feudal Age
12:02 Double-Bit Axe
11:59 Horse Collar
12:13 Gold Mining
14:45 Town Watch
17:45 Castle Age
18:35 Wheelbarrow
18:54 Bow Saw
19:38 Heavy Plow
20:48 Sanctity
22:28 Stone Mining
23:14 Gold Shaft Mining
22:45 Fletching
23:10 Elite Skirmisher
24:33 Bodkin Arrow
25:46 Padded Archer Armor
26:10 Ballistics
26:01 Masonry
26:18 Crossbowman
28:20 Forging
32:50 Imperial Age
30:49 Scale Barding Armor
31:38 Husbandry
31:51 Bloodlines
32:39 Chain Barding Armor
33:07 Marauders
33:26 Scale Mail Armor
36:20 Iron Casting
36:11 Conscription
36:17 Bracer
40:49 Chemistry
40:15 Elite Tarkan
44:51 Plate Barding Armor
45:17 Blast Furnace
Connection lost

Rejoining the realm…

Still unreachable

The connection could not be restored.

Session expired

The server has moved on; the page needs a fresh start.